 Dungeon Sprint DCSS version 0.21-a0-272-g984ae92 (webtiles) character file.

28 terra52 the Insei (level 3, -3/17 HPs)
             Began as a Vine Stalker Transmuter on Sept 15, 2017.
             Slain by an ogre
             ... wielding a +0 giant club
              (5 damage)
             ... in the Dungeon (Sprint I: "Red Sonja").
             The game lasted 00:00:54 (324 turns).

terra52 the Insei (Vine Stalker Transmuter)          Turns: 324, Time: 00:00:55

Health: -3/17      AC:  2    Str: 13    XL:     3   Next: 12%
Magic:  0/8        EV: 13    Int: 13    God:
Gold:   0          SH:  0    Dex: 14    Spells: 5/8 levels left

rFire    . . .     SeeInvis .     - Unarmed
rCold    . . .     Gourm    .   (no shield)
rNeg     . . .     Faith    .   b - +0 robe
rPois    .         Spirit   +   (no helmet)
rElec    .         Reflect  .   (no cloak)
rCorr    .         Harm     .   (no gloves)
MR       .....     NoTele   +   (boots currently unavailable)
Stlth    +.........             (no amulet)
HPRegen  0.05/turn              (no ring)
MPRegen  0.11/turn              (no ring)

@: appendage
A: fangs 2, talons 3, magic shield, antimagic bite, no potion heal 3, rot
immunity
a: End Transformation


You were in the Dungeon.
You were not hungry.
You had grown temporary talons.
You visited 1 branch

Inventory:

Missiles
 a - 10 arrows
Armour
 b - a +0 robe (worn)
Scrolls
 j - a scroll of blinking
Potions
 e - a potion of curing
 f - a potion of heal wounds
 g - a potion of haste
 h - 2 potions of magic
 i - a potion of brilliance {unknown}
Books
 c - a book of Changes

   Spells                             Type                      Level
   a - Beastly Appendage              Transmutation                1
   b - Sticks to Snakes               Transmutation                2
   c - Spider Form                    Transmutation/Poison         3
   d - Ice Form                       Ice/Transmutation            4
   e - Blade Hands                    Transmutation                5
Comestibles
 d - a bread ration


   Skills:
 * Level 0.8 Fighting
 + Level 2.5 Dodging
 + Level 5.2 Unarmed Combat
 + Level 3.2 Spellcasting
 + Level 2.9 Transmutations


You had 5 spell levels left.
You knew the following spells:

 Your Spells              Type           Power        Failure   Level  Hunger
a - Beastly Appendage     Tmut           #.....       7%          1    #......
b - Sticks to Snakes      Tmut           #.......     10%         2    ##.....


Dungeon Overview and Level Annotations

Branches:
Dungeon (1/1)

Altars:


Innate Abilities, Weirdness & Mutations

You have extremely sharp teeth.
When hurt, damage is shared between your health and your magic reserves.
Your bite disrupts and absorbs the magic of your enemies.
Potions cannot restore your health.
You are immune to rotting.
You have claws for feet.


Message History

The ogre is moderately wounded.
Your ball python barely misses the ogre.
You hit the ogre. You claw the ogre. You bite the ogre. You drain its power.
You feel invigorated.
The ogre is heavily wounded.
Your ball python closely misses the ogre.
The ogre hits you with a giant club!!
Ouch! That really hurt!
* * * LOW HITPOINT WARNING * * *
Your ball python barely misses the ogre.
You hit the ogre. You bite the ogre. You drain its power.
You feel invigorated.
The ogre is severely wounded.
The ogre barely misses you.
Your ball python bites the ogre.
You barely miss the ogre. You bite the ogre, but do no damage.
The ogre is severely wounded.
Your ball python withers and dies!
You barely miss the ogre.
The ogre is severely wounded.
The ogre hits you with a giant club!
You die...

##########
#<.#.['..#
#..'@O#..+
#..#### +#
#..# #..#
#..# #⌠⌠#
####


You could see an ogre.

Vanquished Creatures
  Ijyb (D)
1 creature vanquished.

Notes
Turn   | Place    | Note
-------+----------+-------------------------------------------
     0 | D        | terra52 the Vine Stalker Transmuter began the quest for the Orb.
     0 | D        | Reached XP level 1. HP: 9/9 MP: 4/4
     4 | D        | Noticed Ijyb
    22 | D        | Killed Ijyb
    22 | D        | Reached skill level 5 in Unarmed Combat
    22 | D        | Reached XP level 2. HP: 2/14 MP: 5/7
    22 | D        | Reached XP level 3. HP: 3/17 MP: 5/8
   304 | D        | Learned a level 2 spell: Sticks to Snakes
   312 | D        | Noticed an ogre
   324 | D        | Slain by an ogre

Vault maps used:
D:        dungeon_sprint_1

Skill      XL: |  1 |
---------------+----+-----
Dodging        | 2 |  2.5
Unarmed Combat | 5 |  5.2
Spellcasting   | 3 |  3.2
Fighting       | |  0.8
Transmutations | |  2.9

Action                   || total
-------------------------++-------
Melee: Unarmed           ||    20
       Bite              ||     7
       Headbutt          ||     1
       Kick              ||     1
 Cast: Beastly Appendage ||     3
       Sticks to Snakes  ||     2
  Use: Potion            ||     1
 Stab: Sleeping          ||     1
Armor: Robe              ||     2
Dodge: Dodged            ||     8

Table legend:
 A = Spawn XP
 B = Non-spawn XP
 C = Spawn XP percentage of total XP
 D = Spawn monster count
 E = Non-spawn monster count
 F = Spawn count percentage of total count
 G = Total turns spent on level
                    A         B        C        D         E        F      G
               +---------+---------+-------+---------+---------+-------+---------
         Total |       0 |      40 |   0.0 |       0 |       1 |   0.0 |   324
               +---------+---------+-------+---------+---------+-------+---------
             D |       0 |      40 |   0.0 |       0 |       1 |   0.0 |   324
               +---------+---------+-------+---------+---------+-------+---------
